 Dungeon Crawl Stone Soup version 0.29.1-12-g30fa7ad0bf (webtiles) character file.

Game seed: 1273773302373031866

9566 javelincjr the Thaumaturge (level 11, -3/60 HPs)
             Began as a Deep Elf Conjurer on Dec 16, 2022.
             Was a Believer of Sif Muna.
             Shot with an arrow by a centaur warrior (13 damage)
             ... on level 9 of the Dungeon on Dec 17, 2022.
             The game lasted 01:07:56 (12307 turns).

javelincjr the Thaumaturge (Deep Elf Conjurer)     Turns: 12307, Time: 01:07:57

Health: -3/60      AC: 10    Str:  8    XL:     11   Next: 24%
Magic:  12/29      EV: 14    Int: 24    God:    Sif Muna [**....]
Gold:   429        SH:  0    Dex: 19    Spells: 14/34 levels left

rFire   . . .      SeeInvis .   c - +3 flail (distort)
rCold   . . .      Faith    .   k - orb {light}
rNeg    . . .      Spirit   .   y - +3 leather armour
rPois   .          Reflect  .   E - +0 helmet
rElec   .          Harm     .   P - +0 cloak
rCorr   .          Rampage  .   (no gloves)
Will    +....                   V - +1 pair of boots
Stlth   +.........              d - amulet of the acrobat
HPRegen 0.20/turn               t - +6 ring of dexterity
MPRegen 0.21/turn               w - ring of wizardry

@: glowing
A: no striking features
a: Renounce Religion, Channel Magic


You were on level 9 of the Dungeon.
You worshipped Sif Muna.
Sif Muna was pleased with you.
You visited 2 branches of the dungeon, and saw 10 of its levels.

You collected 429 gold pieces.

Inventory:

Hand Weapons
 a - a +2 short sword of venom
 c - a +3 flail of distortion (weapon)
 f - a +0 short sword
 D - a +4 dagger of draining
 G - a +2 antimagic dagger
 J - a +4 quarterstaff
 R - a +5 war axe
Missiles
 h - 30 poisoned darts
 x - 3 boomerangs
 B - 2 throwing nets
Armour
 k - an orb of light (worn)
 s - a +0 leather armour of poison resistance
 y - a +3 leather armour (worn)
 E - a +0 helmet (worn)
 N - a +0 chain mail of cold resistance
 P - a +0 cloak (worn)
 Q - a +2 robe of fire resistance
 V - a +1 pair of boots (worn)
Jewellery
 d - an amulet of the acrobat (around neck)
 e - an amulet of faith
 t - a +6 ring of dexterity (left hand)
 w - a ring of wizardry (right hand)
 z - a ring of ice
 L - a +6 ring of dexterity
Wands
 b - a wand of light (12)
 j - a wand of flame (30)
 r - a wand of charming (7)
 C - a wand of digging (5)
 O - a wand of mindburst (2)
 T - a wand of iceblast (9)
Scrolls
 i - 4 scrolls of teleportation
 l - a scroll of fear
 q - 2 scrolls of butterflies
 H - a scroll of amnesia
 I - a scroll of enchant armour
 S - a scroll of enchant weapon {unknown}
 U - a scroll of blinking
Potions
 g - a potion of ambrosia
 m - a potion of brilliance
 n - a potion of resistance
 o - a potion of curing
 p - 3 potions of heal wounds {unknown}
 u - 2 potions of degeneration {unknown}
 v - a potion of haste {unknown}
 F - 2 potions of attraction {unknown}
 K - 2 potions of mutation {unknown}
 M - a potion of cancellation {unknown}


   Skills:
 + Level 3.2 Fighting
 + Level 1.8 Short Blades
 + Level 5.3 Maces & Flails
 + Level 3.6 Armour
 + Level 5.3 Dodging
 + Level 5.3 Stealth
 + Level 12.2 Spellcasting
 + Level 9.7 Conjurations
 + Level 5.9 Hexes
 + Level 3.9 Summonings
 + Level 2.4 Translocations


You had 14 spell levels left.
You knew the following spells:

 Your Spells              Type           Power      Damage    Failure   Level
a - Magic Dart            Conj           100%       1d8       1%          1
b - Searing Ray           Conj           100%       2d8       1%          2
c - Iskenderun's Mystic   Conj/Tloc      44%        2d10      1%          4
d - Fulminant Prism       Conj/Hex       25%        3d14      1%          4
e - Summon Guardian Gole  Hex/Summ       38%        N/A       1%          3
f - Dazzling Flash        Conj/Hex       100%       N/A       1%          3
g - Call Canine Familiar  Summ           33%        N/A       1%          3

Your spell library contained the following spells:

 Spells                   Type           Power      Damage    Failure   Level
 Summon Small Mammal      Summ           100%       N/A       1%          1
 Sublimation of Blood     Necr           14%        N/A       3%          2
 Irradiate                Conj/Tmut      19%        3d18      9%          5
 Petrify                  Tmut/Erth      14%        N/A       24%         4


Dungeon Overview and Level Annotations

Branches:
Dungeon (9/15)             Temple (1/1) D:5             Orc (0/2) D:9
   Lair: D:8-11

Altars:
Ashenzari
Cheibriados
Dithmenos
Elyvilon
Fedhas
Gozag
Hepliaklqana
Kikubaaqudgha
Makhleb
Nemelex Xobeh
Okawaru
Qazlal
Ru
Sif Muna
Trog
Uskayaw
Vehumet
Wu Jian
Xom
Yredelemnul
Zin
The Shining One

Shops:
D:1 *   D:4 *


Message History

Aiming: Fulminant Prism (dangerous; 1% risk of failure)
Press: ? - help, Dir - move target You conjure a prism of explosive energy!
A fulminant prism comes into view.
The centaur warrior shoots an arrow.
The arrow hits your fulminant prism!
The centaur warrior shoots an arrow.
The arrow hits your fulminant prism!!
Your fulminant prism detonates feebly.
The centaur warrior shoots an arrow.
The arrow hits you!
The centaur warrior shoots an arrow.
The arrow hits you!!
Casting: Fulminant Prism (dangerous; 1% risk of failure)
Confirm with . or Enter, or press ? or * to list all spells.
Aiming: Fulminant Prism (dangerous; 1% risk of failure)
Press: ? - help, Dir - move target You conjure a prism of explosive energy!
A fulminant prism comes into view.
The centaur warrior shoots an arrow.
The arrow hits your fulminant prism!
The centaur warrior shoots an arrow.
The arrow hits your fulminant prism!!
Your fulminant prism detonates feebly.
Casting: Fulminant Prism (dangerous; 1% risk of failure)
Confirm with . or Enter, or press ? or * to list all spells.
A guardian golem appears, shielding your allies.
The centaur warrior shoots an arrow.
The arrow closely misses you.
The centaur warrior shoots an arrow.
The arrow misses you.
The centaur warrior shoots an arrow.
The arrow completely misses you.
The centaur warrior shoots an arrow.
The arrow misses you.
The centaur warrior shoots an arrow.
The arrow barely misses you.
Casting: Summon Guardian Golem (safe; 1% risk of failure)
Confirm with . or Enter, or press ? or * to list all spells.
Aiming: Magic Dart (safe; 1% risk of failure)
Press: ? - help, Shift-Dir - straight line, f - centaur warrior
Aim: a centaur warrior, wielding a +0 shortbow (100% to hit)
The magic dart hits the centaur warrior.
The centaur warrior is lightly wounded.
The centaur warrior shoots an arrow.
The arrow hits you!
The centaur warrior shoots an arrow.
The arrow hits you!!
* * * LOW HITPOINT WARNING * * *
The centaur warrior shoots an arrow.
The arrow barely misses you.
There is a stone staircase leading up here.
You feel better.
The centaur warrior shoots an arrow.
The arrow hits you!
You die...

#..###.#######.#.####...
#..# #.# #.#c# #.#
#÷.###.#######.#.######.#
.†<............9.........
#÷.###...................
#..# ###.#####.#.#######.
#..#####.#####.#.#######.
.........................
....##..........@####.#..
#......#.#.###.###
.......'.......#
#......#....##.######.#
.......'..>.##.........
#......#....#########.#
#.####...#.## #.# ##..#.#
#.### #..#.#


You could see a centaur warrior (ally target) and a friendly guardian golem
(summoned).

Vanquished Creatures
  A two-headed ogre (D:8)
  Pikel (D:7)
  A manticore (D:7)
  Maurice (D:8)
  Prince Ribbit (D:5)
  3 wyverns
  Sigmund (D:4)
  9 yaks (D:9)
  Grum (D:9)
  A steam dragon (D:7)
  3 wargs (D:9)
  Edmund (D:4)
  4 water moccasins
  2 orc warriors
  2 black bears
  4 centaurs
  A lemure (D:7)
  4 wolves (D:9)
  A phantom (D:4)
  4 kobold brigands
  A necrophage (D:5)
  A bullfrog (D:7)
  2 gnoll sergeants (D:7)
  3 scorpions (D:4)
  7 wights (D:8)
  4 killer bees (D:7)
  A howler monkey (D:7)
  A crimson imp (D:3)
  7 hounds
  2 jellies
  4 orc priests
  2 gnoll boudas
  Ijyb (D:4)
  7 orc wizards
  3 iguanas
  18 gnolls
  8 adders
  A shadow imp (D:5)
  4 worms
  25 orcs
  5 ball pythons
  6 endoplasms
  2 giant cockroaches (D:4)
  8 goblins
  7 hobgoblins
  4 jackals (D:3)
  24 kobolds
  5 quokkas
  6 bats
  5 frilled lizards
  8 rats
  A fulminant prism (D:7)
229 creatures vanquished.

Vanquished Creatures (others)
  A wizard (D:3)
  5 yaks
  2 water moccasins
  A centaur (D:9)
  41 fulminant prisms
50 creatures vanquished.

Grand Total: 279 creatures vanquished

Notes
Turn   | Place    | Note
-------+----------+-------------------------------------------
     0 | D:1      | javelincjr the Deep Elf Conjurer began the quest for the
                  | Orb.
     0 | D:1      | Reached XP level 1. HP: 10/10 MP: 6/6
   219 | D:1      | Reached XP level 2. HP: 15/15 MP: 6/8
   403 | D:1      | Found Doajisai's Assorted Antiques.
   436 | D:1      | Reached skill level 5 in Conjurations
   982 | D:2      | Reached XP level 3. HP: 19/19 MP: 7/10
  1134 | D:2      | Reached skill level 4 in Spellcasting
  1370 | D:2      | Found a faded altar of an unknown god.
  1547 | D:2      | Found a hazy altar of Hepliaklqana.
  1678 | D:2      | Reached XP level 4. HP: 24/24 MP: 10/12
  1700 | D:2      | Learned a level 2 spell: Searing Ray
  2370 | D:3      | Found a burning altar of Makhleb.
  2371 | D:3      | Found a radiant altar of Vehumet.
  2641 | D:3      | Found a bloodstained altar of Trog.
  2643 | D:3      | Noticed a wizard
  2647 | D:3      | Killed a wizard
  2742 | D:3      | Reached skill level 5 in Spellcasting
  2854 | D:3      | Reached XP level 5. HP: 28/28 MP: 14/14
  3125 | D:4      | Noticed Ijyb
  3143 | D:4      | Killed Ijyb
  3655 | D:4      | Reached XP level 6. HP: 32/32 MP: 10/16
  3755 | D:4      | Reached skill level 6 in Spellcasting
  3823 | D:4      | Reached skill level 1 in Short Blades
  4032 | D:4      | Noticed Edmund
  4124 | D:4      | Killed Edmund
  4125 | D:4      | Reached XP level 7. HP: 36/36 MP: 6/19
  4276 | D:4      | Reached skill level 7 in Spellcasting
  4641 | D:4      | Noticed Sigmund
  4650 | D:4      | Killed Sigmund
  4651 | D:4      | Reached skill level 1 in Armour
  4745 | D:4      | Reached XP level 8. HP: 36/42 MP: 10/21
  4883 | D:4      | Found Besexaof's General Store.
  4952 | D:5      | Entered Level 5 of the Dungeon
  4981 | D:5      | Reached skill level 1 in Maces & Flails
  5180 | D:5      | Reached skill level 8 in Spellcasting
  5370 | D:5      | Found a staircase to the Ecumenical Temple.
  5378 | D:5      | Reached skill level 1 in Fighting
  5383 | Temple   | Entered the Ecumenical Temple
  5383 | Temple   | Found a transporter.
  5383 | Temple   | Found a transporter.
  5403 | Temple   | Found a transporter.
  5403 | Temple   | Found a transporter.
  5421 | Temple   | Became a worshipper of Sif Muna the Loreminder
  5870 | D:5      | Noticed Prince Ribbit
  5877 | D:5      | Killed Prince Ribbit
  5883 | D:5      | Learned a level 4 spell: Iskenderun's Mystic Blast
  5888 | D:5      | Learned a level 4 spell: Fulminant Prism
  6649 | D:6      | Reached skill level 5 in Stealth
  6790 | D:6      | Learned a level 3 spell: Summon Guardian Golem
  7505 | D:6      | Found a faded altar of an unknown god.
  7509 | D:6      | Found a hazy altar of Hepliaklqana.
  7703 | D:7      | Noticed a manticore
  7718 | D:7      | Killed a manticore
  7719 | D:7      | Reached skill level 9 in Spellcasting
  7719 | D:7      | Reached skill level 1 in Hexes
  7719 | D:7      | Reached skill level 1 in Summonings
  7719 | D:7      | Reached XP level 9. HP: 19/48 MP: 3/24
  8503 | D:7      | Reached * piety under Sif Muna
  8600 | D:7      | Noticed Pikel
  8607 | D:7      | Killed Pikel
  8608 | D:7      | Reached skill level 10 in Spellcasting
  8947 | D:7      | Reached XP level 10. HP: 36/54 MP: 3/26
  9228 | D:7      | Learned a level 3 spell: Dazzling Flash
  9232 | D:7      | Learned a level 3 spell: Call Canine Familiar
 10266 | D:8      | Noticed a two-headed ogre
 10284 | D:8      | Killed a two-headed ogre
 10285 | D:8      | Reached skill level 11 in Spellcasting
 10411 | D:8      | Noticed Maurice
 10421 | D:8      | Killed Maurice
 10422 | D:8      | Reached skill level 5 in Dodging
 10588 | D:8      | Reached skill level 5 in Maces & Flails
 11007 | D:8      | Reached skill level 5 in Hexes
 11010 | D:8      | Reached skill level 1 in Translocations
 11480 | D:9      | Reached ** piety under Sif Muna
 11707 | D:9      | Reached XP level 11. HP: 59/60 MP: 9/28
 11734 | D:9      | Reached skill level 12 in Spellcasting
 12142 | D:9      | Found a staircase to the Orcish Mines.
 12168 | D:9      | Found a broken altar of Ashenzari.
 12171 | D:9      | Noticed Grum
 12184 | D:9      | Killed Grum
 12289 | D:9      | Noticed a centaur warrior
 12305 | D:9      | HP: 3/60 [centaur warrior/arrow (22)]
 12307 | D:9      | Shot with an arrow by a centaur warrior

Illustrated notes

Levels and vault maps discovered:
D:1:      dpeg_arrival_round_a, layout_loops_ring, serial_shops, shop
D:2:      minmay_chambers_of_ones, layout_loops_cross,
          hellmonk_ecumenical_altar_slurped_away, basic_altar
D:3:      layout_basic, grunt_temple_overflow_lords_of_destruction, trog_wizard
D:4:      layout_basic, serial_shops, kennysheep_mini_moat,
          minmay_joined_circles, uniq_edmund, uniq_ijyb, uniq_sigmund
D:5:      layout_layer_cave, minmay_temple_entry_butterflies,
          uniq_prince_ribbit1
D:6:      layout_loops_corners, beargit_hepliaklqana_dungeon_heroes,
          serial_bayou_crossing
D:7:      minmay_bubble_buster, layout_gridville, grunt_decor_resistance,
          minmay_statues_item, uniq_pikel
D:8:      layout_loops_ring, uniq_maurice, uniq_joseph
D:9:      cheibrodos_iron_armory, layout_basic,
          mainiacjoe_overflow_tiny_flanked, minmay_orc_entry_guard_dogs,
          uniq_grum
Temple:   hellmonk_temple_divided_pantheon

Skill      XL: |  1  2  3  4  5  6  7  8  9 10 11 |
---------------+----------------------------------+-----
Conjurations   | 5 6 7 8 9 |  9.7
Spellcasting   | 4 5 6 7 9 10 11 12 | 12.2
Stealth        | 3 4 5 |  5.3
Short Blades   | 1 |  1.8
Dodging        | 3 4 5 |  5.3
Armour         | 1 2 3 |  3.6
Maces & Flails | 2 4 5 |  5.3
Fighting       | 1 2 3 |  3.2
Hexes          | 1 3 5 |  5.9
Summonings     | 1 2 3 |  3.9
Translocations | 1 2 |  2.4

Action                   |  1- 3 |  4- 6 |  7- 9 | 10-12 || total
-------------------------+-------+-------+-------+-------++-------
Melee: Short sword       |     5 |    24 |       |       ||    29
       Flail             |       |       |    81 |    52 ||   133
 Cast: Magic Dart        |    62 |    68 |    34 |    19 ||   183
       Searing Ray       |       |    19 |    20 |    10 ||    49
       Fulminant Prism   |       |       |    19 |    23 ||    42
       Summon Guardian G |       |       |    10 |     9 ||    19
       Iskenderun's Myst |       |       |     6 |    35 ||    41
       Call Canine Famil |       |       |       |     4 ||     4
  Use: Scroll            |       |    10 |     6 |       ||    16
       Potion            |       |     1 |       |     1 ||     2
 Stab: Sleeping          |     1 |     1 |       |       ||     2
Armor: Robe              |       |     4 |       |       ||     4
       Leather armour    |       |     3 |    25 |    18 ||    46
Dodge: Dodged            |     3 |    34 |   106 |    72 ||   215
